 Dungeon Crawl Stone Soup version 0.29.1-1-gd02db6906a (webtiles) character file.

Game seed: 13575955532137961552

277 Ashen the Magician (level 6, 44/44 HPs)
             Began as a Demonspawn Hedge Wizard on Oct 12, 2022.
             Got out of the dungeon alive.
             The game lasted 00:14:13 (4899 turns).

Ashen the Magician (Demonspawn Hedge Wizard)        Turns: 4899, Time: 00:14:14

Health: 44/44      AC:  9    Str: 10    XL:     6   Next: 4%
Magic:  12/12      EV: 12    Int: 17    God:
Gold:   237        SH:  0    Dex: 13    Spells: 5/13 levels left

rFire   . . .      SeeInvis +   s - +0 rapier
rCold   . . .      Faith    .   (no shield)
rNeg    . . .      Spirit   .   b - +0 robe
rPois   .          Reflect  .   c - +0 hat
rElec   .          Harm     .   (no cloak)
rCorr   .          Rampage  .   (no gloves)
Will    .....                   (no boots)
Stlth   ++........              (no amulet)
HPRegen 0.14/turn               i - +4 ring of protection
MPRegen 0.26/turn               g - ring of see invisible

@: no status effects
A: icy blue scales 2, magic regeneration
a: no special abilities


You escaped.
You visited 1 branch of the dungeon, and saw 5 of its levels.

You collected 237 gold pieces.

Inventory:

Hand Weapons
 a - a +0 dagger
 s - a +0 rapier (weapon)
Missiles
 e - 2 javelins
Armour
 b - a +0 robe (worn)
 c - a +0 hat (worn)
Magical Staves
 n - a staff of cold
 v - a staff of fire
Jewellery
 g - a ring of see invisible (right hand)
 i - a +4 ring of protection (left hand)
Wands
 k - a wand of flame (1)
 u - a wand of mindburst (16)
Scrolls
 f - a scroll of brand weapon {unknown}
 m - a scroll of identify
 q - a scroll of poison {unknown}
 r - a scroll of enchant weapon {unknown}
 t - a scroll of teleportation {unknown}
 w - a scroll of summoning {unknown}
 x - a scroll of fear {unknown}
 y - a scroll of blinking {unknown}
Potions
 d - a potion of magic
 h - a potion of resistance
 j - 2 potions of flight
 l - 2 potions of curing
 o - 2 potions of attraction {unknown}
 p - a potion of cancellation


   Skills:
 + Level 2.0 Fighting
 + Level 2.6 Dodging
 + Level 2.8 Stealth
 * Level 4.1 Spellcasting
 * Level 3.2 Conjurations
 - Level 1.0 Summonings
 - Level 0.8 Translocations


You had 5 spell levels left.
You knew the following spells:

 Your Spells              Type           Power      Damage    Failure   Level
a - Magic Dart            Conj           56%        1d5       4%          1
b - Call Imp              Summ           6%         N/A       16%         2
c - Blink                 Tloc           12%        N/A       17%         2
d - Mephitic Cloud        Conj/Pois/Air  7%         N/A       30%         3

Your spell library contained the following spells:

 Spells                   Type           Power      Damage    Failure   Level
 Shock                    Conj/Air       36%        1d5       8%          1
 Apportation              Tloc           12%        N/A       11%         1
 Summon Small Mammal      Summ           24%        N/A       11%         1
 Necrotise                Necr           12%        1d4       16%         1
 Slow                     Hex            12%        N/A       16%         1
 Ensorcelled Hibernation  Hex/Ice        6%         N/A       24%         2
 Sublimation of Blood     Necr           3%         N/A       24%         2
 Wereblood                Tmut           3%         N/A       24%         2
 Conjure Flame            Conj/Fire      9%         6-21      24%         3
 Confusing Touch          Hex            3%         N/A       43%         3
 Spider Form              Tmut/Pois      3%         N/A       43%         3
 Swiftness                Air            3%         N/A       43%         3
 Vampiric Draining        Necr           3%         2d6       43%         3
 Airstrike                Air            1%         2d(1-17)  83%         4
 Anguish                  Hex/Necr       1%         N/A       83%         4
 Summon Hydra             Summ           3%         N/A       100%        7


Dungeon Overview and Level Annotations

Branches:
Dungeon (5/15)
 Temple: D:4-7

Altars:
Kikubaaqudgha

Annotations:
D:5 Grinder


Innate Abilities, Weirdness & Mutations

You are mostly covered in icy blue scales. (AC +3)
You regenerate magic rapidly.


Message History

Aiming: Throw Flame
Press: ? - help, Shift-Dir - straight line, f/p - jelly
Aim: a jelly (severely wounded, 100% to hit)
The puff of flame hits the jelly.
You kill the jelly!
Aiming: Throw Flame
Press: ? - help, Shift-Dir - straight line, f - ogre
Aim: an ogre, wielding a +0 giant club (almost dead, not watching you, ally target, 85% to hit)
The puff of flame hits the ogre.
You kill the ogre!
Your Fighting skill increases to level 2!
Your Spellcasting skill increases to level 4!
Your Conjurations skill increases to level 3!
You have reached level 6!
Your demonic ancestry asserts itself...
Your magic begins to regenerate rapidly.
You climb upwards.
There is a stone staircase leading down here.
(D) Dungeon
Where to? (Enter - D:4 @ (x,y), ? - help)
What level of the Dungeon? (default 1, ? - help)
Your magical contamination has completely faded away.
There is a stone staircase leading up here.
You climb upwards.
There is a stone staircase leading down here.
Magic restored.
There is a stone staircase leading up here.
You climb upwards.
There is a stone staircase leading down here.
There is a stone staircase leading up here.
You climb upwards.
There is a stone staircase leading down here.
There is a shaft here.
Things that are here:
2 stones; a +0 short sword
There is an open door here.
There is an open door here.
There is a staircase leading out of the dungeon here.
Are you sure you want to leave the Dungeon?
This will make you lose the game!
You have escaped!

# ##.....########### ##..#.#### #
#.#.###♣♣♣♣~~~~♣♣♣ #.#....#
####.#..#♣♣~~~~8.~~~♣♣######..#
.....####~~~~~8~~~~~~~# ####..###
.#########~~~~~~8~~~~♣♣ #.>......
.....##..####.~~~~....♣♣#.......#
.#.####...'<#...####...♣###...#.#
.....##...###..##..##.....#...#.#
.#.####.....'..#@...'...#........
..###########..#...##..♣###.###..
.###.#♣♣♣♣.....#'###♣..♣ #......
.....#♣......♣♣#.#♣♣..### #..##..
####.#....######.#♣...')# #..##..
#####.....#...'..#♣.###.# #......
...###....#...'..#♣###..# #..##..
##.# ##♣♣♣######## #.####..##..
#.# #...........


There were no monsters in sight!

Vanquished Creatures
  An ogre (D:5)
  A hound (D:5)
  A jelly (D:5)
  5 adders
  2 dart slugs
  2 orcs (D:4)
  6 endoplasms
  A giant cockroach (D:3)
  6 goblins
  6 hobgoblins
  A jackal (D:3)
  7 kobolds
  2 quokkas
  10 ball pythons
  4 bats
  3 frilled lizards
  2 rats (D:1)
60 creatures vanquished.

Vanquished Creatures (collateral kills)
  2 worms
  An endoplasm (D:3)
  A hobgoblin (D:3)
  3 jackals (D:3)
  A bat (D:3)
  A kobold (D:3)
9 creatures vanquished.

Vanquished Creatures (others)
  A human (D:3)
1 creature vanquished.

Grand Total: 70 creatures vanquished

Notes
Turn   | Place    | Note
-------+----------+-------------------------------------------
     0 | D:1      | Ashen the Demonspawn Hedge Wizard began the quest for the
                  | Orb.
     0 | D:1      | Reached XP level 1. HP: 13/13 MP: 4/4
    32 | D:1      | You fall into a shaft and drop 1 floor!
   335 | D:1      | Gained mutation: You are partially covered in icy blue
                  | scales. (AC +2) [demonic ancestry]
   335 | D:1      | Reached XP level 2. HP: 19/20 MP: 0/6
  1533 | D:2      | Reached XP level 3. HP: 25/25 MP: 2/7
  1586 | D:2      | Learned a level 2 spell: Call Imp
  1589 | D:2      | Learned a level 2 spell: Blink
  1593 | D:2      | Learned a level 3 spell: Mephitic Cloud
  2074 | D:3      | Found a faded altar of an unknown god.
  2167 | D:3      | Reached skill level 1 in Fighting
  2501 | D:3      | Found an ancient bone altar of Kikubaaqudgha.
  2502 | D:3      | Noticed a human
  2504 | D:3      | Killed a human
  3015 | D:4      | Gained mutation: You are mostly covered in icy blue scales.
                  | (AC +3) [demonic ancestry]
  3015 | D:4      | Reached XP level 4. HP: 22/32 MP: 1/9
  4558 | D:5      | Entered Level 5 of the Dungeon
  4571 | D:5      | Reached XP level 5. HP: 31/37 MP: 3/10
  4670 | D:5      | Noticed Grinder
  4763 | D:5      | Noticed an ogre
  4779 | D:5      | Killed an ogre
  4780 | D:5      | Reached skill level 4 in Spellcasting
  4780 | D:5      | Gained mutation: You regenerate magic rapidly. [demonic
                  | ancestry]
  4780 | D:5      | Reached XP level 6. HP: 44/44 MP: 0/12
  4899 | D:$      | Got out of the dungeon alive.

Illustrated notes

Levels and vault maps discovered:
D:1:      sevenhm_arrival_forest_fort_small_5, layout_loops_ring
D:2:      layout_rooms, minmay_cut_off
D:3:      layout_loops_cross, tgw_kikubaaqudgha,
          shapermc_ecumenical_altar_starsandcircs, cheibrodos_sewer_entry_bend,
          minmay_misc_feat_rugged
D:4:      layout_basic, corexii_checkpoint_b
D:5:      layout_gridville, minmay_temple_entry_drinking_statues, uniq_grinder

Skill      XL: |  1  2  3  4  5 |
---------------+----------------+-----
Stealth        | 2 |  2.8
Dodging        | 2 |  2.6
Conjurations   | 2 3 |  3.2
Fighting       | 1 2 |  2.0
Spellcasting   | 4 |  4.1
Summonings     | |  1.0
Translocations | |  0.8

Action                   |  1- 3 |  4- 6 || total
-------------------------+-------+-------++-------
Melee: Dagger            |    32 |       ||    32
       Rapier            |    16 |    31 ||    47
       Punch             |     2 |       ||     2
 Cast: Magic Dart        |    77 |    39 ||   116
       Call Imp          |    11 |     7 ||    18
       Mephitic Cloud    |       |     3 ||     3
       Blink             |       |     1 ||     1
Evoke: Wand              |       |     5 ||     5
  Use: Scroll            |     7 |     1 ||     8
 Stab: Sleeping          |     4 |     3 ||     7
       Distracted        |       |     1 ||     1
Armor: Robe              |    21 |    23 ||    44
Dodge: Dodged            |    43 |    27 ||    70
